Map: Ruby Rock LE

Players

Kimchi - Winner!

  • Race: Terran Terran
  • League: Diamond
  • Spawn Location: 11:00

A.I. 1 (Very Easy)

  • Race: Protoss Protoss
  • Spawn Location: 5:00

VOD

Have the link to the VOD?

Description

Time

  • Played on: April 24, 2026, 7:50 p.m.
  • Length: 5:56
Show
View Real Time Build Order
Export as new Build Order

Kimchi Terran - Winner!

Build Orders:  

Get SALT Encoding   

  12  0:00  SCV  
  13  0:14  SCV  
  13  0:17  Supply Depot  
  14  0:26  SCV  
  15  0:39  SCV  
  15  0:41  Barracks  
  16  0:44  Refinery  
  16  0:51  SCV  
  17  1:03  SCV  
  18  1:15  SCV  
  19  1:27  Orbital Command  
  19  1:29  Barracks Tech Lab  
  19  1:40  Command Center  
  19  1:48  Marauder  
  19  1:51  Concussive Shells  
  19  1:54  SCV  
  22  2:04  Supply Depot  
  22  2:08  SCV  
  23  2:26  SCV, Marauder  
  23  2:29  Barracks  
  26  2:34  Barracks  
  26  2:37  Stimpack  
  26  2:38  SCV  
  27  2:49  Supply Depot  
  27  2:50  SCV  
  28  2:51  Marine  
  28  2:56  Orbital Command  
  29  3:05  SCV  
  30  3:10  Marine  
  30  3:11  Supply Depot  
  31  3:17  Barracks Reactor  
  31  3:19  SCV  
  32  3:23  Barracks Tech Lab  
  32  3:28  Marine  
  32  3:29  SCV  
  32  3:31  SCV  
  35  3:34  Supply Depot  
  35  3:41  SCV  
  36  3:43  Refinery  
  36  3:44  Combat Shield  
  36  3:45  Marine  
  36  3:46  Marine  
  38  3:55  Marine x2  
  39  3:57  Supply Depot  
  39  4:00  SCV  
  41  4:03  Marine x2, SCV  
  44  4:13  Marine x2  
  46  4:20  SCV  
  46  4:21  Marine, Marauder  
  50  4:25  SCV  
  50  4:27  Refinery  
  51  4:32  Engineering Bay  
  51  4:37  Command Center  
  51  4:38  Factory  
  51  4:42  Marine  
  51  4:43  Marauder, Marine x2  
  56  4:47  SCV x2  
  58  4:58  Supply Depot  
  58  4:59  SCV  
  59  5:00  Marine  
  59  5:01  Marine  
  59  5:02  Marine  
  59  5:03  Marine  
  63  5:10  SCV  
  64  5:18  Marine x2  
  64  5:20  Marauder  
  68  5:27  Marauder  
  70  5:28  Factory Reactor  
  70  5:33  Starport  
  70  5:35  Supply Depot  
  70  5:36  Marine x2  
  70  5:37  Supply Depot  
  70  5:38  SCV  
  70  5:41  SCV  
Show
View Real Time Build Order
Export as new Build Order

A.I. 1 (Very Easy) Protoss 

Build Orders:  

Get SALT Encoding   

  12  0:00  Probe  
  13  0:13  Probe  
  14  0:20  Pylon  
  14  0:36  Assimilator  
  14  0:43  Gateway  
  14  0:47  Pylon  
  14  1:14  Assimilator  
  14  1:22  Probe  
  14  1:30  Probe  
  14  1:32  Zealot  
  17  1:34  Cybernetics Core  
  17  1:39  Probe  
  19  1:49  Probe  
  20  1:59  Probe  
  20  2:07  Probe  
  21  2:10  Warp Gate  
  22  2:43  Stalker  
  24  4:09  Probe  
  24  5:17  Stalker  
  24  5:20  Pylon  
  26  5:22  Probe  
  18  5:34  Probe  
  8  5:46  Pylon  
Tags
 
League
Diamond
Matchup
PvT
Spawn Locations
Cross Positions
Add a new tag
Caveats
  • Supply blocks, unpowered buildings, or Contaminate may cause inaccurate times.
  • Supply counts are checked every 10 seconds.